 Dungeon Sprint DCSS version 0.23.0-3-gf3c87f2 (webtiles) character file.

Game seed: 6712965790624892128

13 nuthulu the Skirmisher (level 2, -8/20 HPs)
             Began as a Gargoyle Fighter on Feb 24, 2019.
             Was an Initiate of Okawaru.
             Mangled by an orc warrior
             ... wielding a +3 vampiric halberd
              (25 damage)
             ... in the Dungeon (Sprint VII: "The Pits").
             The game lasted 00:00:38 (311 turns).

nuthulu the Skirmisher (Gargoyle Fighter)            Turns: 311, Time: 00:00:39

Health: -8/20      AC:  9    Str: 19    XL:     2   Next: 37%
Magic:  2/2        EV:  7    Int:  8    God:    Okawaru [......]
Gold:   0          SH:  9    Dex:  9    Spells: 1/1 levels left

rFire    . . .     SeeInvis .   a - +0 flail
rCold    . . .     Gourm    .   c - +0 shield
rNeg     + . .     Faith    .   b - +0 scale mail
rPois    ∞         Spirit   .   (no helmet)
rElec    +         Reflect  .   (no cloak)
rCorr    .         Harm     .   (no gloves)
MR       .....     NoTele   +   (no boots)
Stlth    ..........             (no amulet)
HPRegen  0.06/turn              (no ring)
MPRegen  0.08/turn              (no ring)

@: no status effects
A: negative energy resistance 1, electricity resistance, unbreathing,
petrification resistance, rot immunity, AC +2
a: Renounce Religion


You were in the Dungeon.
You worshipped Okawaru.
Okawaru was noncommittal.
You were not hungry.

You visited 1 branch

Inventory:

Hand Weapons
 a - a +0 flail (weapon)
Armour
 b - a +0 scale mail (worn)
 c - a +0 shield (worn)
Scrolls
 k - a scroll of blinking
 m - 3 scrolls of remove curse
 n - 5 scrolls of amnesia
 o - a scroll of summoning
Potions
 d - a potion of might
 e - a potion of curing
 g - a potion of heal wounds
 h - a potion of haste
 i - 4 potions of magic
 j - 3 potions of berserk rage
 l - 2 potions of invisibility
Comestibles
 f - 9 rations
 p - a chunk of flesh


   Skills:
 + Level 4.1 Fighting
 + Level 3.0 Maces & Flails
 + Level 4.1 Armour
 + Level 4.1 Shields


You had one spell level left.
You didn't know any spells.
Your spell library was empty.

Dungeon Overview and Level Annotations

Branches:
Dungeon (1/1)

Altars:
Ashenzari
Cheibriados
Dithmenos
Elyvilon
Fedhas
Gozag
Hepliaklqana
Kikubaaqudgha
Makhleb
Nemelex Xobeh
Okawaru
Qazlal
Ru
Sif Muna
Trog
Uskayaw
Vehumet
Wu Jian
Xom
Yredelemnul
Zin
The Shining One
Beogh
Jiyva
Lugonu


Innate Abilities, Weirdness & Mutations

You are resistant to torment.
Your stone body is resilient. (AC +2)
You are immune to poison.
You resist negative energy. (rN+)
You are resistant to electric shocks. (rElec)
You can survive without breathing.
You are immune to petrification.
You are immune to rotting.


Message History

You completely miss the orc wizard. The orc wizard casts a spell at you.
The magic dart hits you.
You closely miss the orc wizard. The orc wizard closely misses you.
You miss the orc wizard. The orc closely misses you.
The orc wizard gestures at you while chanting.
You block the puff of flame.
Your shield and scale mail prevent you from hitting the orc wizard.
The orc hits you but does no damage.
The orc wizard hits you but does no damage.
You hit the orc wizard.
The orc wizard is lightly wounded.
The orc hits you but does no damage. You block the orc wizard's attack.
The orc wizard hits you but does no damage.
You barely miss the orc wizard.
The orc wizard is lightly wounded.
The orc wizard hits you but does no damage.
The orc warrior hits you with a +3 vampiric halberd!!
Ouch! That really hurt!
You die...

#_________.#
#_______...###########++
##########'##...........
#.?(.')))'.##......#..#
##########.##..........
#...........'...........
#+#####÷#####......#..#.
#..#..ool##...........
#..#..@#o#####'#####+
#.l#####.##.......#
#.S'o..#o##.......#
#.oooo))(##.......#
#..########...<...# #..
#.......# #.. #.......#
### #.......# #########


You could see an orc warrior, an orc wizard and a frilled lizard.

Vanquished Creatures
  A gnoll (D)
  A ball python (D)
  2 bats (D)
  A kobold (D)
  A leopard gecko zombie (D)
6 creatures vanquished.

Notes
Turn   | Place    | Note
-------+----------+-------------------------------------------
     0 | D        | nuthulu the Gargoyle Fighter began the quest for the Orb.
     0 | D        | Reached XP level 1. HP: 14/14 MP: 1/1
   118 | D        | Found a glowing golden altar of the Shining One.
   118 | D        | Found a glowing silver altar of Zin.
   118 | D        | Found a basalt altar of Yredelemnul.
   118 | D        | Found a shimmering altar of Xom.
   118 | D        | Found an ornate altar of the Wu Jian Council.
   118 | D        | Found a bloodstained altar of Trog.
   118 | D        | Found a deep blue altar of Sif Muna.
   118 | D        | Found a sacrificial altar of Ru.
   118 | D        | Found a stormy altar of Qazlal.
   118 | D        | Found an iron altar of Okawaru.
   118 | D        | Found a sparkling altar of Nemelex Xobeh.
   118 | D        | Found a burning altar of Makhleb.
   118 | D        | Found a viscous altar of Jiyva.
   118 | D        | Found a hazy altar of Hepliaklqana.
   118 | D        | Found an opulent altar of Gozag.
   118 | D        | Found a blossoming altar of Fedhas.
   118 | D        | Found a white marble altar of Elyvilon.
   118 | D        | Found a shadowy altar of Dithmenos.
   118 | D        | Found a snail-covered altar of Cheibriados.
   119 | D        | Found a radiant altar of Vehumet.
   119 | D        | Found a corrupted altar of Lugonu.
   119 | D        | Found a roughly hewn altar of Beogh.
   120 | D        | Found a hide-covered altar of Uskayaw.
   120 | D        | Found an ancient bone altar of Kikubaaqudgha.
   120 | D        | Found a shattered altar of Ashenzari.
   124 | D        | Became a worshipper of Warmaster Okawaru
   158 | D        | Reached XP level 2. HP: 16/20 MP: 2/2
   293 | D        | Noticed an orc warrior
   311 | D        | Mangled by an orc warrior

Skill      XL: |  1  2 |
---------------+-------+-----
Fighting       | 4 |  4.1
Armour         | 4 |  4.1
Shields        | 4 |  4.1
Maces & Flails | 3 |  3.0

Action                   || total
-------------------------++-------
Melee: Flail             ||    34
Armor: Scale mail        ||    19
Dodge: Dodged            ||     9
Block: Shield            ||    20
